 Dungeon Crawl Stone Soup version 0.30-a0-711-gf4ac18a38d (webtiles) character file.

Game seed: 17610519565194726428

401 Crownlay the Purveyor of Pain (level 6, 0/41 HPs)
             Began as a Demonspawn Necromancer on Jan 22, 2023.
             Was an Initiate of Kikubaaqudgha.
             Slain by an orc warrior
             ... wielding a +0 flail
              (5 damage)
             ... on level 5 of the Dungeon.
             The game lasted 00:10:03 (5504 turns).

Crownlay the Purveyor of Pain (DsNe)                Turns: 5504, Time: 00:10:03

Health: 0/41       AC: 11    Str:  9    XL:     6   Next: 54%
Magic:  9/9        EV: 11    Int: 18    God:    Kikubaaqudgha [......]
Gold:   362        SH:  8    Dex: 15    Spells: 4/9 levels left

rFire   . . .      SeeInvis .    B - +0 mace (venom)
rCold   . . .      Faith    .    A - +0 buckler
rNeg    . . .      Spirit   .    a - +0 robe
rPois   .          Reflect  .    (no helmet)
rElec   .          Harm     .    (no cloak)
rCorr   .          Rampage  .    v - +0 pair of gloves
Will    .....                    (no boots)
Stlth   +++                      (no amulet)
HPRegen 0.26/turn                i - +4 ring of protection
MPRegen 0.11/turn                (no ring)

@: studying Shields
A: thin skeletal structure 1, icemail 1, condensation shield
a: Renounce Religion


You were on level 5 of the Dungeon.
You worshipped Kikubaaqudgha.
Kikubaaqudgha was noncommittal.
You visited 2 branches of the dungeon, and saw 6 of its levels.
You also visited: Sewer.

You collected 362 gold pieces.

Inventory:

Hand Weapons
 B - a +0 mace of venom (weapon)
Missiles
 h - 6 javelins
Armour
 a - a +0 robe (worn)
 v - a +0 pair of gloves (worn)
 A - a +0 buckler (worn)
Jewellery
 i - a +4 ring of protection (left hand)
 q - a ring of ice
 r - a ring of fire
 w - a ring of positive energy
Wands
 C - a wand of polymorph (6)
Scrolls
 e - a scroll of fear {unknown}
 f - 4 scrolls of fog
 j - 2 scrolls of enchant weapon
 l - 3 scrolls of enchant armour
 n - a scroll of immolation {unknown}
 s - 2 scrolls of teleportation {unknown}
 u - a scroll of poison {unknown}
 x - 2 scrolls of brand weapon {unknown}
 y - a scroll of magic mapping
Potions
 b - a potion of magic
 c - a potion of brilliance {unknown}
 d - 3 potions of flight
 g - a potion of invisibility {unknown}
 k - a potion of cancellation {unknown}
 m - a potion of haste {unknown}
 o - 3 potions of lignification {unknown}
 p - 2 potions of mutation
 t - a potion of heal wounds {unknown}
 z - 2 potions of curing {unknown}


   Skills:
 - Level 1.7 Dodging
 - Level 1.7 Stealth
 + Level 0.7 Shields
 - Level 2.0 Spellcasting
 + Level 8.7 Necromancy


You had 4 spell levels left.
You knew the following spells:

 Your Spells              Type           Power      Damage    Failure   Level
a - Necrotise             Necr           100%       1d9       1%          1
b - Animate Dead          Necr           33%        N/A       7%          4

Your spell library contained the following spells:

 Spells                   Type           Power      Damage    Failure   Level
 Vampiric Draining        Necr           33%        2d8       1%          3
 Agony                    Necr           33%        N/A       19%         5


Dungeon Overview and Level Annotations

Branches:
Dungeon (5/15)             Temple (1/1) D:4           Sewer (visited)

Altars:
Ashenzari
Kikubaaqudgha
Nemelex Xobeh
Qazlal
Ru
Vehumet
Yredelemnul


Innate Abilities, Weirdness & Mutations

You have a somewhat thin skeletal structure. (Dex +2, Stealth+)
A meltable icy envelope protects you from harm. (AC +4)
A meltable shield of frost defends you. (SH +4)


Message History

You swap places.
You swap places.
Your reaping aura expires.
You hit the orc.
The orc is severely wounded.
The orc hits you but does no damage.
You hit the orc.
You kill the orc!
Kikubaaqudgha accepts your kill.
The orc warrior unwields a +0 flail.
The orc warrior wields a +0 arbalest.
The orc warrior shoots a bolt.
The bolt hits you.
You swap places.
The orc warrior shoots a bolt.
The bolt closely misses your orc zombie.
The bolt hits you!
The orc warrior shoots a bolt.
The bolt barely misses your orc zombie. You block the bolt.
Things that are here:
a +0 dagger; a +1 ring mail of poison resistance; an orc corpse You swap places.
The orc warrior unwields a +0 arbalest.
The orc warrior wields a +0 flail.
You block the orc warrior's attack.
You barely miss the orc warrior. You block the orc warrior's attack.
You barely miss the orc warrior. The orc warrior closely misses you.
Your orc zombie hits the orc warrior but does no damage.
The orc warrior hits you with a +0 flail!
You are too injured to fight recklessly!
You are too injured to fight recklessly!
You are too injured to fight recklessly!
You closely miss the orc warrior.
Your orc zombie barely misses the orc warrior.
The orc warrior hits you with a +0 flail.
Your orc zombie closely misses the orc warrior.
You hit the orc warrior.
The orc warrior is poisoned.
The orc warrior is lightly wounded.
The orc warrior hits you with a +0 flail!
* * * LOW HITPOINT WARNING * * *
Your orc zombie hits the orc warrior but does no damage.
The orc warrior hits you with a +0 flail.
You die...
Kikubaaqudgha rasps: "You have failed me!
Welcome... death!"

#.# # #.#
#.####)#
##
#....#.#
.. #...#
.# ##..#
.# ##.##.#
#.)..#
##.@Z#
#..o..#
#.........
###.#.....
.###### #.
.# .#


You could see an orc warrior (very poisoned, ally target) and a friendly orc
zombie.

Vanquished Creatures
  An ogre (D:4)
  A hound (D:4)
  An iguana (D:4)
  2 river rats (Sewer)
  7 adders
  A shadow imp (D:5)
  An ufetubus (D:4)
  2 worms
  A dart slug (D:4)
  11 orcs
  3 endoplasms
  3 giant cockroaches
  4 goblins
  5 hobgoblins
  5 jackals
  6 kobolds
  3 quokkas
  7 ball pythons
  10 bats
  4 frilled lizards
  4 rats
82 creatures vanquished.

Vanquished Creatures (collateral kills)
  3 river rats (Sewer)
  3 adders
  A worm (D:4)
  3 ball pythons (Sewer)
  4 bats
  An endoplasm (Sewer)
  A jackal (Sewer)
  3 frilled lizards
19 creatures vanquished.

Vanquished Creatures (others)
  An adder zombie (Sewer)
  2 bat zombies (Sewer)
  3 ball python zombies (Sewer)
  7 orc zombies
  A quokka zombie (Sewer)
14 creatures vanquished.

Grand Total: 115 creatures vanquished

Notes
Turn   | Place    | Note
-------+----------+-------------------------------------------
     0 | D:1      | Crownlay the Demonspawn Necromancer began the quest for the
                  | Orb.
     0 | D:1      | Reached XP level 1. HP: 13/13 MP: 3/3
   954 | D:1      | Gained mutation: You have a somewhat thin skeletal
                  | structure. (Dex +2, Stealth+) [demonic ancestry]
   954 | D:1      | Reached XP level 2. HP: 19/19 MP: 0/5
  1072 | D:2      | Reached skill level 5 in Necromancy
  1492 | D:2      | Reached XP level 3. HP: 24/24 MP: 3/6
  1741 | D:2      | Found a sparkling altar of Nemelex Xobeh.
  2364 | D:3      | Reached skill level 6 in Necromancy
  2514 | D:3      | Reached XP level 4. HP: 30/30 MP: 4/7
  2519 | D:3      | Learned a level 4 spell: Animate Dead
  3020 | D:4      | Found a glowing drain.
  3047 | D:4      | Reached skill level 7 in Necromancy
  3047 | D:4      | Gained mutation: A meltable shield of frost defends you.
                  | (SH +4) [demonic ancestry]
  3047 | D:4      | Reached XP level 5. HP: 27/35 MP: 0/8
  3048 | Sewer    | Entered a sewer
  3506 | Sewer    | Reached skill level 8 in Necromancy
  3624 | Sewer    | Gained mutation: A meltable icy envelope protects you from
                  | harm. (AC +4) [demonic ancestry]
  3624 | Sewer    | Reached XP level 6. HP: 39/41 MP: 9/9
  4920 | D:4      | Found a staircase to the Ecumenical Temple.
  4925 | Temple   | Entered the Ecumenical Temple
  4955 | Temple   | Became a worshipper of Kikubaaqudgha
  5263 | D:5      | Entered Level 5 of the Dungeon
  5291 | D:5      | Found a broken altar of Ashenzari.
  5292 | D:5      | Noticed a water moccasin
  5346 | D:5      | Found a radiant altar of Vehumet.
  5459 | D:5      | Noticed an orc warrior
  5504 | D:5      | Slain by an orc warrior

Illustrated notes

Levels and vault maps discovered:
D:1:      lightli_arrival_windingriver, layout_basic, st_stairs_14
D:2:      layout_loops_ring, basic_altar
D:3:      layout_basic
D:4:      layout_basic, minmay_temple_entry_nine_rooms,
          cheibrodos_sewer_entry_sluice
D:5:      layout_basic, fiery_altar_vehumet, mainiacjoe_overflow_tiny_flanked
Temple:   cyrus_temple_forest

Skill      XL: |  1  2  3  4  5 |
---------------+----------------+-----
Necromancy     | 5 6 7 8 |  8.7
Dodging        | |  1.7
Stealth        | |  1.7
Shields        | |  0.7
Spellcasting   | |  2.0

Action                     |  1- 3 |  4- 6 || total
---------------------------+-------+-------++-------
  Melee: Long sword        |    12 |    96 ||   108
         Mace              |       |    24 ||    24
   Cast: Necrotise         |    63 |    52 ||   115
         Animate Dead      |       |     7 ||     7
    Use: Scroll            |       |     5 ||     5
         Potion            |       |     3 ||     3
   Stab: Sleeping          |       |     2 ||     2
         Distracted        |       |     1 ||     1
 Armour: Robe              |     8 |    82 ||    90
  Dodge: Dodged            |     9 |   111 ||   120
  Block: Other             |       |    21 ||    21
         Buckler           |       |     6 ||     6

Table legend: (Time is in decaauts)
 A = Elapsed time spent in this place.
 B = Non-inter-level travel time spent in this place.
 C = Inter-level travel time spent in this place.
 D = Time resting spent in this place.
 E = Time spent auto-exploring this place.
 F = Levels seen in this place.
 G = Mean time per level.
                   A        B        C        D        E       F      G
               +--------+--------+--------+--------+--------+-----+--------+
         Total |   5773 |   5613 |    160 |    130 |   4217 |   7 |  824.7 |
       Dungeon |   4392 |   4253 |    139 |     38 |   3559 |   5 |  878.4 |
        Temple |     52 |     31 |     21 |      0 |     22 |   1 |   52.0 |
         Sewer |   1328 |   1328 |      0 |     92 |    635 |   1 | 1328.0 |
               +--------+--------+--------+--------+--------+-----+--------+

Top non-repeatable levels by time:
   Sewer: 1328 daAuts
     D:4: 1165 daAuts
     D:3: 1136 daAuts
     D:1: 1056 daAuts
     D:2: 783 daAuts
     D:5: 251 daAuts
  Temple: 52 daAuts
